 Dungeon Sprint DCSS version 0.31.0-32-g396128a36d (webtiles) character file.

Game seed: 4844646690387625476

11632 Heoruswealwe the Phalangite (level 11, -16/117 HPs)
             Began as a Minotaur Fighter on Mar 13, 2024.
             Was an Initiate of Gozag.
             Demolished by a sun demon (28 damage)
             ... summoned by an orc high priest
             ... in the Dungeon (Sprint IX: "|||||||||||||||||||||||||||||").
             The game lasted 00:10:55 (1965 turns).

Heoruswealwe the Phalangite (Minotaur Fighter)      Turns: 1965, Time: 00:10:56

Health: -16/117    AC:  5    Str: 28    XL:     11   Next: 51%
Magic:  10/10      EV:  8    Int:  5    God:    Gozag
Gold:   6740       SH:  0    Dex: 10    Spells: 10/10 levels left

rFire   . . .        b - +2 halberd (venom)
rCold   . . .        (shield currently unavailable)
rNeg    . . .        c - +0 plate armour
rPois   .            (helmet restricted)
rElec   .            (no cloak)
rCorr   .            (no gloves)
SInv    .            e - +0 pair of boots
Will    .....        (no amulet) Stlth
                     k - +3 ring of strength
HPRegen 0.39/turn    j - +2 ring of protection
MPRegen 0.12/turn

%: no teleportation
@: corroded, gold aura
A: horns 2, retaliatory headbutt
a: Renounce Religion, Potion Petition, Call Merchant, Bribe Branch


You were in the Dungeon.
You worshipped Gozag.
Gozag was greatly pleased with you.
You visited 1 branch You collected 6740 gold pieces.

Inventory:

Hand Weapons
 a - a +0 trident
 b - a +2 halberd of venom (weapon)
Armour
 c - a +0 plate armour (worn)
 d - a +0 buckler
 e - a +0 pair of boots (worn)
Jewellery
 j - a +2 ring of protection (right hand)
 k - a +3 ring of strength (left hand)
Wands
 f - a wand of polymorph (8)
 h - a wand of iceblast (10)
Scrolls
 n - 3 scrolls of blinking
 q - 4 scrolls of enchant armour
Potions
 g - a potion of haste
 i - a potion of berserk rage
 l - a potion of curing
 m - 2 potions of might
 o - 2 potions of resistance


   Skills:
 + Level 17.5 Fighting
 * Level 23.6 Polearms
 + Level 17.5 Armour
 - Level 3.6 Shields


You had 10 spell levels left.
You didn't know any spells.
Your spell library was empty.

Dungeon Overview and Level Annotations

Branches:
Dungeon (1/1)

Altars:
Cheibriados
Dithmenos
Elyvilon
Fedhas
Gozag
Hepliaklqana
Kikubaaqudgha
Makhleb
Nemelex Xobeh
Okawaru
Qazlal
Ru
Sif Muna
Trog
Uskayaw
Vehumet
Wu Jian
Xom
Yredelemnul
Zin
The Shining One
Jiyva
Lugonu

Shops:
D =


Innate Abilities, Weirdness & Mutations

You have a pair of horns on your head.
You reflexively headbutt those who attack you in melee.


Message History

The sun demon is moderately wounded.
The sun demon hits you!!
You are engulfed in flames!
You puncture the sun demon!
The sun demon is heavily wounded.
The orc high priest no longer looks unusually strong. x2
The orange demon stings you from afar.
You are poisoned.
The orange demon poisons you!
The sun demon is distracted by your dazzling golden aura.
The orc knight roars a battlecry!
The orc high priests go into a battle-frenzy!
The orc high priest prays to Beogh.
The sun demon shouts!
You slash the sun demon!
The sun demon looks as sick as possible!
The sun demon is no longer distracted by gold.
The sun demon is severely wounded.
You feel very sick. The sun demon barely misses you. You furiously retaliate!
You headbutt the sun demon. The orange demon stings you from afar!
The orc high priest calls down the wrath of Beogh upon you.
Beogh smites you!
You feel much better.
You feel very sick. The sun demon hits you!
You are engulfed in flames!
The orange demon barely misses you.
You feel better.
The orc no longer looks unusually strong.
The sun demon hits you!!
* * * LOW HITPOINT WARNING * * *
You are engulfed in flames!
* * * LOW HITPOINT WARNING * * *
The orange demon closely misses you.
The orc high priest mumbles some strange prayers to Beogh.
You hear a shout!
You hit the sun demon. You headbutt the sun demon.
The sun demon is severely wounded.
The sun demon hits you!!
You die...
Your body crumbles into a pile of gold.

▓▓▓▓▓▓▓▓▓▓▓▓▓▓▓▓▓▓▓▓▓▓▓▓
....'[..........@34oo4oo
▓▓▓▓▓▓▓▓▓▓▓▓▓▓▓▓▓▓▓▓▓▓▓▓▓▓▓▓▓▓▓▓▓
.................................
▓▓▓▓▓▓▓▓▓▓▓▓▓▓▓▓▓▓▓▓▓▓▓▓▓▓▓▓▓▓▓▓▓
........'.........'.........(.?'.
▓▓▓▓▓▓▓▓▓▓▓▓▓▓▓▓▓▓▓▓▓▓▓▓▓▓▓▓▓▓▓▓▓
.................................
▓▓▓▓▓▓▓▓▓▓▓▓▓▓▓▓▓▓▓▓▓▓▓▓▓▓▓▓▓▓▓▓▓
__________________'!?)[[....'....


You could see an orc knight, 2 orc high priests, a sun demon (summoned,
extremely poisoned), an orange demon (summoned), a hellwing (summoned) and an
orc.

Vanquished Creatures
  An ettin (D)
  Erica (D)
  A two-headed ogre (D)
  A centaur warrior (D)
  An orc high priest (D)
  2 orc knights (D)
  A meliai (D)
  2 elephants (D)
  3 cane toads (D)
  4 komodo dragons (D)
  A troll (D)
  6 polar bears (D)
  A blink frog (D)
  A hornet (D)
  2 wraiths (D)
  A shadow (D)
  A wyvern (D)
  Grum (D)
  A yak (D)
  2 water moccasins (D)
  An acid dragon (D)
  4 black bears (D)
  10 orc warriors (D)
  4 wolves (D)
  3 bullfrogs (D)
  A gnoll sergeant (D)
  A howler monkey (D)
  2 orc priests (D)
  A bombardier beetle (D)
  2 hounds (D)
  An orc wizard (D)
  10 orcs (D)
  A giant cockroach (D)
  2 goblins (D)
  A quokka (D)
  A ball python (D)
  A frilled lizard (D)
80 creatures vanquished.

Notes
Turn   | Place    | Note
-------+----------+-------------------------------------------
     0 | D        | Heoruswealwe the Minotaur Fighter began the quest for the
                  | Orb.
     0 | D        | Reached XP level 1. HP: 19/19 MP: 0/0
     7 | D        | Reached skill level 3 in Polearms
    18 | D        | Noticed a bombardier beetle
    18 | D        | Noticed a hound
    18 | D        | Noticed a black bear
    18 | D        | Noticed a hound
    21 | D        | Killed a bombardier beetle
    22 | D        | Reached skill level 5 in Fighting
    22 | D        | Reached skill level 5 in Polearms
    22 | D        | Reached skill level 5 in Armour
    22 | D        | Reached XP level 2. HP: 29/29 MP: 1/1
    22 | D        | Reached XP level 3. HP: 36/36 MP: 2/2
    30 | D        | Reached skill level 6 in Polearms
    38 | D        | Killed a black bear
    39 | D        | Reached skill level 9 in Polearms
    39 | D        | Reached XP level 4. HP: 39/47 MP: 3/3
    39 | D        | Reached XP level 5. HP: 43/52 MP: 4/4
    53 | D        | Found a snail-covered altar of Cheibriados.
    53 | D        | Found a shadowy altar of Dithmenos.
    53 | D        | Found a white marble altar of Elyvilon.
    53 | D        | Found a blossoming altar of Fedhas.
    53 | D        | Found an opulent altar of Gozag.
    54 | D        | Found a hazy altar of Hepliaklqana.
    55 | D        | Found a viscous altar of Jiyva.
    56 | D        | Found an ancient bone altar of Kikubaaqudgha.
    57 | D        | Found a corrupted altar of Lugonu.
    58 | D        | Found a burning altar of Makhleb.
    59 | D        | Found a sparkling altar of Nemelex Xobeh.
    60 | D        | Found an iron altar of Okawaru.
    61 | D        | Became a worshipper of Gozag Ym Sagoz the Greedy
    62 | D        | Found a stormy altar of Qazlal.
    63 | D        | Found a sacrificial altar of Ru.
    64 | D        | Found a shimmering blue altar of Sif Muna.
    65 | D        | Found a bloodstained altar of Trog.
    66 | D        | Found a hide-covered altar of Uskayaw.
    67 | D        | Found a radiant altar of Vehumet.
    68 | D        | Found an ornate altar of the Wu Jian Council.
    69 | D        | Found a shimmering altar of Xom.
    70 | D        | Found a basalt altar of Yredelemnul.
    71 | D        | Found a glowing silver altar of Zin.
    72 | D        | Found a glowing golden altar of the Shining One.
   128 | D        | Noticed a yak
   128 | D        | Noticed an acid dragon
   128 | D        | Noticed a shadow
   128 | D        | Noticed a hornet
   128 | D        | Noticed a wraith
   133 | D        | Killed a yak
   134 | D        | Reached skill level 11 in Polearms
   134 | D        | Reached XP level 6. HP: 48/62 MP: 5/5
   146 | D        | Killed an acid dragon
   147 | D        | Reached skill level 12 in Polearms
   153 | D        | Killed a shadow
   154 | D        | Reached skill level 10 in Fighting
   154 | D        | Reached skill level 13 in Polearms
   154 | D        | Reached skill level 10 in Armour
   154 | D        | Reached XP level 7. HP: 46/72 MP: 6/6
   159 | D        | Killed a hornet
   160 | D        | Reached skill level 14 in Polearms
   161 | D        | Killed a wraith
   294 | D        | Noticed a troll
   294 | D        | Noticed a wraith
   294 | D        | Noticed a two-headed ogre
   294 | D        | Noticed a centaur warrior
   294 | D        | Noticed a meliai
   301 | D        | Killed a two-headed ogre
   302 | D        | Reached skill level 16 in Polearms
   302 | D        | Reached XP level 8. HP: 28/83 MP: 7/7
   304 | D        | Killed a troll
   314 | D        | Killed a centaur warrior
   315 | D        | Reached skill level 17 in Polearms
   315 | D        | Reached XP level 9. HP: 39/93 MP: 8/8
   329 | D        | Killed a meliai
   330 | D        | Reached skill level 18 in Polearms
   576 | D        | Noticed Grum
   600 | D        | Killed Grum
   844 | D        | Noticed a komodo dragon
   844 | D        | Noticed a komodo dragon
   847 | D        | Killed a komodo dragon
   851 | D        | Reached skill level 19 in Polearms
   853 | D        | Noticed a komodo dragon
   855 | D        | Killed a komodo dragon
   859 | D        | Reached XP level 10. HP: 86/104 MP: 9/9
  1061 | D        | Noticed an elephant
  1061 | D        | Noticed a cane toad
  1064 | D        | Reached skill level 20 in Polearms
  1065 | D        | Noticed an elephant
  1067 | D        | Noticed a cane toad
  1072 | D        | Reached skill level 15 in Fighting
  1072 | D        | Reached skill level 15 in Armour
  1185 | D        | Noticed a cane toad
  1189 | D        | Killed an elephant
  1194 | D        | Killed an elephant
  1198 | D        | Killed a cane toad
  1203 | D        | Killed a cane toad
  1204 | D        | Reached skill level 21 in Polearms
  1211 | D        | Killed a cane toad
  1401 | D        | Reached XP level 11. HP: 99/115 MP: 10/10
  1410 | D        | Reached skill level 22 in Polearms
  1522 | D        | Noticed Erica
  1529 | D        | Killed Erica
  1713 | D        | Noticed an ettin
  1713 | D        | Noticed an orc knight
  1721 | D        | Killed an ettin
  1727 | D        | Noticed an orc knight
  1731 | D        | Killed an orc knight
  1747 | D        | Killed an orc knight
  1748 | D        | Reached skill level 23 in Polearms
  1938 | D        | Found Asyrphu's Jewellery Emporium.
  1938 | D        | Noticed an orc high priest
  1938 | D        | Noticed an orc high priest
  1938 | D        | Noticed an orc knight
  1939 | D        | Noticed an orc high priest
  1941 | D        | Killed an orc high priest
  1959 | D        | Noticed a sun demon
  1965 | D        | Demolished by a sun demon

Illustrated notes

Levels and vault maps discovered:
D:        linesprint [early_d, line_temple, items_1, d_10, items_2, lair_1,
          lair_end, items_3, orc_1, orc_end, items_4, d_15, swamp_1, shoals_1,
          snake_1, spider_1, d_20, vaults_1, items_5, swamp_end, shoals_end,
          snake_end, spider_end, vaults_end, d_27, items_6, zot_1, zot_end,
          crypt_end, forest_end, elf_end, slime_end, tomb_end, abyss_end,
          pan_hell_end]

Skill      XL: |  1  2  3  4  5  6  7  8  9 10 11 |
---------------+----------------------------------+-----
Polearms       | 5 9 11 13 16 17 19 21 23 | 23.6
Fighting       | 5 7 8 10 12 13 14 16 17 | 17.5
Armour         | 5 7 8 10 12 13 14 16 17 | 17.5
Shields        | |  3.6

Action                     |  1- 3 |  4- 6 |  7- 9 | 10-12 || total
---------------------------+-------+-------+-------+-------++-------
  Melee: Trident           |    28 |     8 |       |       ||    36
         Headbutt          |     5 |     2 |    10 |    50 ||    67
         Halberd           |       |    24 |    55 |   185 ||   264
         Unarmed           |       |       |    26 |       ||    26
    Use: Potion            |       |     1 |     6 |     5 ||    12
   Stab: Distracted        |       |       |     1 |     2 ||     3
 Armour: Scale mail        |    21 |     2 |       |       ||    23
         Chain mail        |       |    18 |    45 |    91 ||   154
         Skin              |       |       |    14 |       ||    14
         Plate armour      |       |       |       |    14 ||    14
  Dodge: Dodged            |    14 |     8 |    34 |    44 ||   100
  Block: Buckler           |     7 |     2 |       |       ||     9
